Map: Acropolis LE

Players

Mez

  • Race: Terran Terran
  • League: Master
  • Spawn Location: 5:00

Onigami - Winner!

  • Race: Terran Terran
  • League: Master
  • Spawn Location: 11:00

VOD

Have the link to the VOD?

Description

Time

  • Played on: July 31, 2019, 11:18 a.m.
  • Length: 10:47
Show
View Real Time Build Order
Export as new Build Order

Mez Terran 

Build Orders: Reaper Expand 

Get SALT Encoding   

  12  0:00  SCV  
  13  0:13  SCV  
  14  0:18  Supply Depot  
  14  0:25  SCV  
  15  0:39  SCV  
  15  0:41  Barracks  
  16  0:45  Refinery  
  16  0:51  SCV  
  17  1:03  SCV  
  18  1:16  SCV  
  19  1:34  Orbital Command  
  19  1:35  Reaper  
  20  1:43  Command Center  
  20  1:55  Barracks  
  20  2:02  SCV  
  20  2:07  Barracks  
  21  2:18  SCV  
  21  2:22  Barracks Reactor, Supply Depot  
  22  2:40  SCV  
  23  2:55  Barracks Tech Lab  
  23  2:56  Marine  
  23  3:00  Marine  
  23  3:01  Marine  
  24  3:08  SCV  
  24  3:12  Orbital Command  
  24  3:16  Marine  
  24  3:17  Marauder  
  24  3:18  Concussive Shells  
  24  3:19  Marine x2  
  28  3:21  SCV  
  29  3:41  SCV  
  29  3:42  Marine x2, Marauder  
  29  3:43  Marine  
  29  3:46  SCV  
  36  3:48  Supply Depot  
  36  3:53  SCV  
  37  3:58  SCV  
  37  3:59  Supply Depot  
  37  4:00  Engineering Bay  
  37  4:02  Stimpack  
  38  4:03  Marine x3  
  38  4:05  SCV  
  38  4:07  Marine  
  43  4:10  SCV  
  44  4:20  SCV  
  44  4:22  SCV  
  45  4:31  Terran Infantry Weapons Level 1  
  45  4:32  SCV  
  45  4:34  SCV  
  46  4:44  SCV  
  47  4:46  SCV, Command Center  
  47  4:47  Supply Depot  
  47  4:50  Marine x2  
  47  4:51  Marine  
  51  4:55  Marine  
  51  4:56  SCV  
  51  4:59  SCV  
  49  5:08  SCV  
  49  5:11  SCV  
  47  5:18  Marine x3, Marauder  
  47  5:20  SCV  
  47  5:23  SCV  
  47  5:24  Factory  
  47  5:26  Refinery  
  44  5:36  Marine x3  
  44  5:40  Marauder  
  47  5:48  SCV  
  47  5:49  SCV  
  48  5:54  Marine x2  
  50  5:57  Barracks  
  50  5:59  Barracks  
  50  6:03  Refinery  
  50  6:05  Supply Depot  
  50  6:06  Combat Shield  
  50  6:09  SCV x2  
  50  6:11  Marine x3  
  53  6:20  Marine  
  53  6:21  SCV x2  
  56  6:28  Marine  
  57  6:40  Marine x2, Marauder  
  57  6:41  SCV x2  
  63  6:47  Factory Reactor  
  63  6:49  Starport  
  63  6:53  SCV x2  
  65  6:56  Marine x3  
  65  6:58  Marine x2  
  70  7:04  Orbital Command  
  70  7:05  SCV x2  
  72  7:08  Terran Infantry Armor Level 1  
  72  7:19  Supply Depot  
  72  7:23  SCV x2  
  73  7:32  Marine  
  73  7:33  Marine x3  
  73  7:47  Marine x2  
  73  7:48  SCV x3  
  73  7:50  Marine x3  
  81  7:51  Medivac x2  
  85  8:00  SCV  
  83  8:06  Marine x3  
  83  8:07  SCV x2  
  83  8:08  Marine x2  
  90  8:18  SCV  
  90  8:19  SCV  
  92  8:23  SCV  
  93  8:31  SCV  
  93  8:44  SCV  
  93  8:45  SCV, Marine x5, Medivac  
  93  8:46  Supply Depot  
  93  8:47  Supply Depot  
  93  8:48  Engineering Bay, Armory  
  101  8:49  Medivac  
  96  9:02  Marine  
  97  9:03  SCV x3, Marine  
  97  9:06  Marine  
  97  9:07  Marine  
  102  9:15  SCV x3, Supply Depot  
  102  9:16  Supply Depot  
  105  9:20  Marine x3  
  105  9:21  Marine  
  105  9:22  Medivac x2  
  112  9:24  Marine  
  113  9:34  Marine  
  113  9:37  SCV x2  
  113  9:38  Marine x3  
  113  9:39  Marine  
  113  9:40  Barracks  
  113  9:43  Barracks  
  113  9:44  Barracks  
  105  9:47  Marine  
  105  9:52  Marine, Medivac x2  
  111  9:56  Marine x4  
  111  10:06  Marine  
  93  10:09  Marine  
  93  10:13  Marine  
  93  10:14  Marine x3  
  82  10:24  Marine  
  82  10:27  Marine  
Show
View Real Time Build Order
Export as new Build Order

Onigami Terran - Winner!

Build Orders:  

Get SALT Encoding   

  12  0:01  SCV  
  13  0:13  SCV  
  14  0:17  Supply Depot  
  14  0:25  SCV  
  14  0:28  Refinery  
  15  0:39  SCV  
  16  0:44  Barracks  
  16  0:51  SCV  
  17  1:03  SCV  
  18  1:15  SCV  
  19  1:31  Orbital Command  
  20  1:32  Reaper  
  20  1:44  Command Center  
  20  2:09  SCV  
  20  2:11  Factory  
  20  2:12  Barracks Reactor  
  21  2:21  SCV  
  21  2:24  Supply Depot  
  21  2:34  Refinery, SCV  
  22  2:46  SCV  
  23  2:58  SCV, Orbital Command  
  24  3:10  SCV  
  25  3:20  Starport  
  25  3:22  SCV  
  25  3:25  SCV, Barracks Tech Lab  
  25  3:26  Hellion x2  
  31  3:34  SCV  
  31  3:39  SCV  
  33  3:41  Refinery  
  33  3:48  Hellion x2  
  37  3:55  Concussive Shells  
  37  3:56  Marauder, Medivac  
  37  3:58  SCV  
  37  4:02  Supply Depot  
  42  4:09  Hellion x2  
  46  4:15  SCV x2  
  48  4:22  Liberator  
  48  4:23  Marauder  
  50  4:27  SCV  
  50  4:30  Hellion x2  
  55  4:36  SCV  
  58  4:48  SCV x2  
  60  4:58  Command Center  
  60  5:00  SCV  
  49  5:25  SCV, Marine  
  51  5:31  Liberator  
  45  5:43  Marine  
  45  5:45  SCV x2  
  47  5:58  Refinery  
  47  5:59  Barracks x2  
  47  6:00  Barracks  
  47  6:01  Stimpack, Engineering Bay  
  47  6:03  Engineering Bay, Hellion x2  
  47  6:04  SCV x2  
  53  6:12  Orbital Command  
  53  6:15  Refinery  
  53  6:16  SCV x2  
  55  6:23  Marine  
  55  6:30  Terran Infantry Armor Level 1, Terran Infantry Weapons Level 1  
  55  6:38  SCV x2  
  54  6:42  SCV  
  54  6:43  Marine  
  54  6:46  Medivac x2  
  60  6:49  Factory Tech Lab  
  60  6:50  Barracks Reactor x2, SCV  
  60  6:51  Barracks Reactor  
  61  7:00  SCV  
  62  7:02  Marine, Armory  
  62  7:06  Supply Depot  
  62  7:08  Siege Tank, Supply Depot  
  63  7:13  SCV x2  
  63  7:14  SCV  
  69  7:15  Factory  
  69  7:20  Marine  
  70  7:25  SCV x2, Medivac x2  
  70  7:26  SCV  
  70  7:29  Supply Depot x2  
  77  7:31  Marine x3  
  77  7:32  Command Center, Marine x3  
  83  7:37  SCV, Marine  
  83  7:38  SCV x2  
  87  7:46  Siege Tank  
  87  7:49  Marine x3  
  87  7:50  SCV x2, Marine x3  
  98  7:55  Supply Depot  
  98  7:56  SCV  
  98  7:57  Supply Depot  
  99  7:59  Terran Vehicle Weapons Level 1  
  99  8:00  Marine  
  97  8:07  Marine, Combat Shield, Factory Tech Lab  
  97  8:08  Medivac x2  
  102  8:16  Supply Depot x2  
  102  8:24  Liberator x2  
  102  8:25  Siege Tank, Marine x5  
  102  8:26  Marine x2  
  112  8:43  Marine x4  
  112  8:46  Marine  
  112  8:47  Siege Tank  
  119  8:57  Siege Tank  
  122  9:03  Marine  
  122  9:04  Marine x5  
  126  9:18  Marine  
  126  9:19  Siege Tank  
  126  9:20  Missile Turret  
  126  9:21  Missile Turret  
  126  9:23  Missile Turret  
  130  9:27  Missile Turret  
  130  9:39  Siege Tank  
  117  9:48  Marine x2  
  117  9:51  Marine x5  
  120  10:06  Marine x2  
  117  10:09  Marine x4  
  120  10:19  Marine  
  119  10:23  Marine  
  119  10:24  SCV x2, Marine  
  119  10:25  SCV  
  119  10:27  Marine x4  
  128  10:38  Refinery  
  128  10:40  Refinery  
Tags
 
Add a new tag
Caveats
  • Supply blocks, unpowered buildings, or Contaminate may cause inaccurate times.
  • Supply counts are checked every 10 seconds.